 Dungeon Crawl Stone Soup version 0.27.0-1-g7a089689b8 (webtiles) character file.

Game seed: 9686318547049316454

0 thirtiethelement the Skirmisher (level 1, -18/18 HPs)
             Began as a Demonspawn Abyssal Knight on Aug 9, 2021.
             Was a Follower of Lugonu.
             Demolished by a large abomination (33 damage)
             ... on level 3 of the Abyss.
             The game lasted 00:01:32 (111 turns).

thirtiethelement the Skirmisher (DsAK)               Turns: 111, Time: 00:01:32

Health: -18/18     AC:  3    Str: 12    XL:     1   Next: 0%
Magic:  2/2        EV: 11    Int: 13    God:    Lugonu [*.....]
Gold:   60         SH:  0    Dex: 12    Spells: 0/0 levels left

rFire    . . .     SeeInvis .   a - +1 falchion
rCold    . . .     Faith    .   (no shield)
rNeg     . . .     Spirit   .   b - +0 leather armour
rPois    .         Reflect  .   (no helmet)
rElec    .         Harm     .   (no cloak)
rCorr    .         Rampage  .   (no gloves)
Will     .....                  (no boots)
Stlth    +.........             (no amulet)
HPRegen  0.06/turn              (no ring)
MPRegen  0.08/turn              (no ring)

@: no status effects
A: no striking features
a: Renounce Religion, Depart the Abyss


You were on level 3 of the Abyss.
You worshipped Lugonu.
Lugonu was aware of your devotion.
You visited 0 branches of the dungeon, and saw 0 of its levels.
You visited the Abyss 1 time.

You collected 60 gold pieces.

Inventory:

Hand Weapons
 a - a +1 falchion (weapon)
Armour
 b - a +0 leather armour (worn)
Scrolls
 c - a scroll of fear {unknown}
 e - a scroll of identify {unknown}
 f - a scroll of brand weapon {unknown}
Potions
 d - a potion of heal wounds {unknown}


   Skills:
 + Level 3.0 Fighting
 + Level 1.7 Long Blades
 + Level 1.7 Armour
 + Level 0.8 Dodging
 + Level 2.4 Invocations


You couldn't memorise any spells.
You didn't know any spells.
Your spell library contained the following spells:

 Spells                   Type           Power      Damage    Failure   Level
 Dazzling Flash           Conj/Hex       0%         N/A       75%         3
 Iskenderun's Mystic Bla  Conj/Tloc      0%         2d3       98%         4
 Starburst                Conj/Fire      0%         8x6d3     100%        6


Dungeon Overview and Level Annotations

Branches:
Dungeon (0/15)

Altars:


Message History

The neqoxec hits you but does no damage.
The neqoxec gestures at you.
Something tries to feed on your intellect!
There is a gateway leading deeper into the Abyss here.
The neqoxec gestures at you.
Something tries to feed on your intellect!
You plunge deeper into the Abyss.
The abyssal rune of Zot can be found at this depth.
Found a corrupted altar of Lugonu.
Found a hide-covered altar of Uskayaw.
Found 24 gold pieces.
Found 20 gold pieces.
You now have 24 gold pieces.
Found 16 gold pieces.
Found a falchion and a scroll labelled HIMOYT DOTA.
You now have 44 gold pieces (gained 20).
Found a gateway leading out of the Abyss.
You now have 60 gold pieces (gained 16).
A wretched star comes into view.
e - a scroll labelled HIMOYT DOTA
Found a scroll labelled HOIPPO COEPAGE.
Found a ring mail.
Found 16 arrows.
A golden eye comes into view.
A large abomination comes into view.
A golden eye comes into view.
You see here a scroll labelled HOIPPO COEPAGE.
f - a scroll labelled HOIPPO COEPAGE A tentacled starspawn comes into view.
Found 15 gold pieces. 2 starspawn tentacles come into view.
The starspawn tentacle barely misses you.
The starspawn tentacle grabs you. The starspawn tentacle constricts you.
You escape the starspawn tentacle's grasp.
A tentacle flies out from the starspawn's body!
A starspawn tentacle comes into view.
The large abomination hits you.
You see here 16 arrows.
The large abomination hits you!!
Ouch! That really hurt!
You die...

.#...
#\....#.. .
... ##...##.
.. ##.
#.....#.##[
..#.##.#.#
#..#
#.(##..#.#..#
###.#.#..#. .
##.#.....#..
##X........##
#@#..#....##
#..##....#.##
##....#...#.#
#..####.##.
###. # ##. .#
.. . . . # ..


You could see a large abomination.

Vanquished Creatures (others)
  3 starspawn tentacles (Abyss:3)
3 creatures vanquished.

Notes
Turn   | Place    | Note
-------+----------+-------------------------------------------
     0 | Abyss:1  | thirtiethelement the Demonspawn Abyssal Knight began the
                  | quest for the Orb.
     0 | Abyss:1  | Reached XP level 1. HP: 18/18 MP: 2/2
    38 | Abyss:2  | Noticed a neqoxec
    41 | Abyss:2  | Noticed a large abomination
    49 | Abyss:3  | Found a corrupted altar of Lugonu.
    57 | Abyss:3  | Found a hide-covered altar of Uskayaw.
    82 | Abyss:3  | Noticed a wretched star
    96 | Abyss:3  | Noticed a golden eye
    96 | Abyss:3  | Noticed a large abomination
    96 | Abyss:3  | Noticed a golden eye
    98 | Abyss:3  | Noticed a tentacled starspawn
   111 | Abyss:3  | Demolished by a large abomination

Illustrated notes

Levels and vault maps discovered:
Abyss:3:  base: Temple, patterned_corridor,
          evilmike_abyss_rune_elephants_shrine, hangedman_abyss_batty_box,
          hangedman_abyss_rune_macabre_mess

Action                   || total
-------------------------++-------
Armor: Leather armour    ||     1
Dodge: Dodged            ||     1
